 Dungeon Crawl Stone Soup version 0.21.1-1-g345015f (webtiles) character file.

549647 keltmir the End of an Era (level 26, -3/251 HPs)
             Began as a Hill Orc Fighter on Mar 28, 2018.
             Was the Champion of Qazlal.
             Splashed by a caustic shrike's acid (8 damage)
             ... on level 3 of the Depths on Mar 30, 2018.
             The game lasted 06:16:56 (78440 turns).

keltmir the End of an Era (Hill Orc Fighter)       Turns: 78440, Time: 06:16:57

Health: -3/251     AC: 31    Str: 31    XL:     26   Next: 27%
Magic:  31/35      EV:  9    Int: 11    God:    Qazlal [******]
Gold:   4427       SH: 25    Dex:  8    Spells: 27/34 levels left

rFire    . . .     SeeInvis .   M - +9 demon whip (slash)
rCold    . . .     Gourm    .   m - +3 warlock's mirror {reflect}
rNeg     . . .     Faith    .   J - +6 plate armour {rF+}
rPois    .         Spirit   .   s - +2 hat
rElec    .         Reflect  +   a - +2 cloak
rCorr    .         Harm     .   U - +2 pair of gloves
MR       ++...                  X - +2 pair of boots
Stlth    ..........             g - +6 amulet of reflection
HPRegen  1.51/turn              y - +3 ring of protection
MPRegen  0.24/turn              k - ring of Spite {rF- MR+ Int+3 Slay+2 Stlth+}

@: corroded, regenerating (expiring), repel missiles
A: hooves 1, rugged brown scales 1, clumsy 1, deterioration 1, low mp 1, wild
magic 1
}: 3/15 runes: decaying, silver, gossamer
a: Upheaval, Elemental Force, Disaster Area, Renounce Religion


You were on level 3 of the Depths.
You worshipped Qazlal.
Qazlal was exalted by your worship.
You were not hungry.

You visited 9 branches of the dungeon, and saw 43 of its levels.
You visited the Abyss 1 time.
You also visited: Ossuary, Bailey and Ice Cave.

You collected 7206 gold pieces.
You spent 2779 gold pieces at shops.

Inventory:

Hand Weapons
 M - a +9 demon whip of slashing (weapon)
 S - a +3 vampiric demon whip
Missiles
 I - 7 tomahawks of returning (quivered)
Armour
 a - a +2 cloak (worn)
 m - the +3 warlock's mirror (worn) {reflect}
   (You bought it in a shop on level 2 of the Orcish Mines)
 s - a +2 hat (worn)
 J - a +6 plate armour of fire resistance (worn)
 U - a +2 pair of gloves (worn)
 X - a +2 pair of boots (worn)
Jewellery
 e - an uncursed ring of protection from fire
 g - a +6 amulet of reflection (around neck)
 k - the ring of Spite (right hand) {rF- MR+ Int+3 Slay+2 Stlth+}
   (You bought it in a shop on level 4 of the Vaults)

   [ring of protection from magic]

   It affects your intelligence (+3).
   It affects your accuracy and damage with ranged weapons and melee attacks
   (+2).
   It makes you vulnerable to fire.
   It affects your resistance to hostile enchantments.
   It makes you more stealthy.
 p - a cursed -5 ring of strength
 y - a +3 ring of protection (left hand)
 G - an uncursed ring of fire
 K - an uncursed ring of protection from magic
Wands
 h - a wand of flame (124)
 x - a wand of clouds (7)
 C - a wand of iceblast (23)
 D - a wand of paralysis (10)
 L - a wand of disintegration (43)
 Q - a wand of digging (38)
 W - a wand of enslavement (14)
Scrolls
 c - a scroll of summoning
 d - 4 scrolls of amnesia
 i - 13 scrolls of teleportation
 l - 2 scrolls of holy word
 q - 10 scrolls of fear
 u - 5 scrolls of enchant weapon
 B - 5 scrolls of fog
 F - 17 scrolls of remove curse
 N - 11 scrolls of magic mapping
 P - a scroll of blinking
 V - 3 scrolls of identify
Potions
 b - 6 potions of berserk rage
 j - a potion of might
 n - 2 potions of haste
 o - 10 potions of curing
 r - 8 potions of lignification
 t - a potion of cancellation
 v - 3 potions of agility
 w - 3 potions of resistance
 z - 12 potions of flight
 E - 2 potions of heal wounds
 H - 3 potions of mutation
 O - 6 potions of brilliance
 Y - 5 potions of ambrosia
 Z - a potion of magic
Comestibles
 f - 55 rations
 A - 9 chunks of flesh


   Skills:
 - Level 21.5 Fighting
 - Level 20.4 Maces & Flails
 - Level 20.4 Armour
 - Level 20.0 Shields
 - Level 4.8 Spellcasting
 * Level 13.5 Charms
 - Level 1.0 Necromancy
 - Level 24.3 Invocations


You had 27 spell levels left.
You knew the following spells:

 Your Spells              Type           Power        Failure   Level  Hunger
a - Song of Slaying       Chrm           #####...     1%          2    ##.....
b - Shroud of Golubria    Chrm/Tloc      ###.......   12%         2    ##.....
c - Regeneration          Chrm/Necr      ###.......   17%         3    ###....


Dungeon Overview and Level Annotations

Branches:
Dungeon (15/15)            Temple (1/1) D:4            Lair (6/6) D:11
  Swamp (4/4) Lair:3       Spider (4/4) Lair:2        Slime (0/5) Lair:5
    Orc (2/2) D:12            Elf (3/3) Orc:2        Vaults (5/5) D:14
  Crypt (0/3) Vaults:3     Depths (3/5) D:15

Altars:
Ashenzari
Cheibriados
Dithmenos
Elyvilon
Fedhas
Gozag
Hepliaklqana
Kikubaaqudgha
Makhleb
Nemelex Xobeh
Okawaru
Qazlal
Ru
Sif Muna
Trog
Uskayaw
Vehumet
Wu Jian
Xom
Yredelemnul
Zin
The Shining One
Beogh
Jiyva

Shops:
D:13 *   Orc:2 *[(}   Vaults:2 *   Vaults:4 =   Vaults:5 %

Portals:
Hell: Depths:1 Depths:2
Ziggurat: Depths:2
Trove: D:12 (give 11 potions of heal wounds)

Annotations:
Lair:5 exclusion: 4 oklob plants
Depths:3 exclusion: ice statue


Innate Abilities, Weirdness & Mutations

You have large cloven feet.
You are partially covered in rugged brown scales. (AC +1, +3% HP)
You are clumsy. (Dex -2)
Your body sometimes deteriorates upon taking damage.
Your magical capacity is low. (-10% MP)
Your spells are a little harder to cast, but a little more powerful.


Message History

The caustic shrike is engulfed in blazing flames.
The caustic shrike claws you!!
* * * LOW HITPOINT WARNING * * *
You are splashed with acid!
The acid burns!
* * * LOW HITPOINT WARNING * * *
There is a stone staircase leading up, spattered with blood here.
You block the caustic shrike's attack. x2; The caustic shrike claws you!
* * * LOW HITPOINT WARNING * * *
You are splashed with acid!
The acid burns!
* * * LOW HITPOINT WARNING * * *
The caustic shrike is engulfed in blazing flames.
The caustic shrike claws you!
* * * LOW HITPOINT WARNING * * *
You are splashed with acid!
The acid burns!
* * * LOW HITPOINT WARNING * * *
The caustic shrike claws you but does no damage. x2
The caustic shrike claws you.
* * * LOW HITPOINT WARNING * * *
The acid corrodes you!
You are splashed with acid!
The acid burns!
You die...

#8....8# #..).#
#####''#####
#..........#
##.8.....>.#
#########
##....)...###8#8#88#8
##..§§...#)).)......
#.§b§...'.[≈)..(.[.
#§@bY...'...:≈.....
#.bb.§..#≈.........
#####.8.###8#8#88#8
##..# ######### ##.#
###


You could see 4 caustic shrikes and an ice beast.

Vanquished Creatures
  Mara (Vaults:4)
  2 ancient liches (Vaults:4)
  Saint Roka (Elf:2)
  A caustic shrike (Depths:2)
  Xtahua (Vaults:4)
  Nikola (Spider:4)
  3 golden dragons
  Jorgrun (Elf:2)
  A lich (Depths:2)
  2 tentacled monstrosities (Vaults:4)
  3 titans
  2 deep elf blademasters (Elf:3)
  3 quicksilver dragons
  A deep elf master archer (Elf:3)
  Asterion (Elf:2)
  The ghost of Baghtru the Warrior, an adept MiFi of Okawaru (Depths:1)
  A tentacled starspawn (Abyss:2)
  An Executioner (Abyss:2)
  Gastronok (Lair:2)
  A thorn hunter (Swamp:3)
  9 sphinxes
  Frances (Lair:3)
  2 storm dragons
  4 tengu reavers
  6 shadow dragons
  Roxanne (Elf:3)
  8 fire giants
  6 frost giants
  6 iron dragons
  A balrug (Depths:3)
  6 ghost moths
  10 vault wardens
  5 deep elf sorcerers
  17 ironheart preservers
  3 emperor scorpions
  A curse skull (Vaults:2)
  A reaper (Depths:3)
  A war gargoyle (Vaults:5)
  3 deep elf elementalists
  A ghoul (Vaults:1)
  3 very ugly things
  2 spriggan defenders (Depths:3)
  20 stone giants
  The ghost of Shinoi the Schismatic, a journeyman DsAK of Lugonu (Lair:4)
  A vampire knight (Vaults:3)
  The ghost of Pad the Cleaver, a journeyman DsBe of Trog (Lair:3)
  13 entropy weavers
  10 deep elf annihilators
  15 deep elf demonologists
  11 spark wasps
  A merfolk javelineer (Depths:1)
  10 deep elf death magi
  12 ettins
  2 blizzard demons
  6 yaktaur captains
  3 fire dragons
  6 deep elf high priests
  A fire dragon (shapeshifter) (Depths:2)
  3 jiangshi (Depths:1)
  5 great orbs of eyes
  2 spriggan air magi
  10 ice dragons
  31 vault guards
  13 hydras
  The ghost of Agrougrou the Cleaver, a journeyman FoFi of Okawaru (D:10)
  2 catoblepae
  6 rakshasas
  41 two-headed ogres
  29 dancing weapons
  5 centaur warriors
  19 ogre magi
  6 deep troll shamans
  A queen ant (Lair:5)
  A two-headed ogre (shapeshifter) (D:14)
  5 death knights
  11 alligators
  Urug (D:12)
  15 tengu warriors
  7 deep troll earth magi
  7 death yaks
  A vampire mage (Depths:1)
  An orc high priest (Orc:2)
  8 sun demons
  7 spriggan berserkers
  Sonja (D:12)
  25 deep elf knights
  4 soul eaters
  2 wretched stars (Abyss:2)
  3 shadow wraiths
  A fire crab (Lair:5)
  4 iron trolls
  40 slime creatures
  2 quicksilver dragon simulacra (Depths:3)
  A death drake (Depths:1)
  A shadow demon (Depths:2)
  22 deep trolls
  10 skeletal warriors
  A swamp dragon (Lair:3)
  2 spriggan druids
  7 glowing orange brains
  A glowing orange brain (shapeshifter) (Vaults:4)
  11 flayed ghosts
  5 unseen horrors
  12 ironbrand convokers
  A lindwurm (Lair:6)
  3 wizards
  2 shambling mangroves (Swamp:2)
  23 deep elf archers
  A phantasmal warrior (Vaults:1)
  Pikel (D:9)
  30 orb spiders
  89 deep elf magi
  A wolf spider zombie (D:15)
  A mana viper (Depths:1)
  4 harpies
  An obsidian statue (Depths:2)
  3 necromancers
  15 orc knights
  2 orb spiders (shapeshifter)
  A faun (shapeshifter) (Vaults:5)
  4 oklob plants
  31 ugly things
  2 manticores
  3 orc sorcerers
  48 wolf spiders
  4 worldbinders
  4 cyclopes
  A stone giant skeleton (Abyss:2)
  A black mamba (shapeshifter) (Depths:1)
  A moth of wrath (shapeshifter) (Vaults:2)
  3 centaur zombies
  An elephant (shapeshifter) (Vaults:4)
  18 elephants
  18 vault sentinels
  3 moths of wrath
  3 ice statues (IceCv)
  2 naga magi (Depths:1)
  2 smoke demons (Abyss:2)
  24 spiny frogs
  6 black mambas
  7 large abominations
  10 rust devils
  3 gargoyles
  Psyche (D:12)
  3 orange demons (Depths:2)
  A spriggan zombie (D:15)
  38 yaktaurs
  A kobold demonologist (D:11)
  A yaktaur (shapeshifter) (Vaults:3)
  5 komodo dragons
  2 efreet (Depths:3)
  A rime drake (shapeshifter) (Vaults:3)
  4 rime drakes
  A redback zombie (D:15)
  5 ice devils
  18 freezing wraiths
  3 ancient zymes (Abyss:2)
  4 tengu conjurers
  2 polar bears
  15 demonic crawlers
  43 jumping spiders
  3 meliai (Lair:5)
  3 red devils
  11 trolls
  4 tyrant leeches
  A harpy skeleton (D:14)
  3 wind drakes (shapeshifter)
  25 hornets
  A queen bee (Lair:5)
  Grinder (D:4)
  A blink frog (shapeshifter) (Vaults:5)
  6 bog bodies
  A fire dragon zombie (D:15)
  A meliai zombie (D:13)
  4 dream sheep (Lair:6)
  3 hippogriffs (Lair:5)
  14 blink frogs
  A fire giant simulacrum (Vaults:1)
  A deep troll skeleton (D:15)
  Sigmund (D:4)
  5 air elementals
  A spriggan (shapeshifter) (D:13)
  A flying skull (Depths:3)
  10 water elementals
  96 redbacks
  13 spriggans
  35 tarantellas
  7 wraiths
  2 vampires
  4 wyverns
  10 shadows
  A neqoxec (Abyss:2)
  3 fire elementals
  A human (shapeshifter) (D:15)
  26 yaks
  A yak (shapeshifter) (Vaults:1)
  A hog (Depths:1)
  7 basilisks
  5 swamp worm simulacra (Swamp:4)
  7 vampire mosquitoes
  A chaos spawn (Abyss:2)
  3 hungry ghosts
  A human simulacrum (Vaults:3)
  21 swamp worms
  14 wargs
  7 insubstantial wisps
  Menkaure (D:4)
  22 soldier ants
  A soldier ant (shapeshifter) (Vaults:3)
  11 water moccasins
  14 hydra simulacra (Swamp:4)
  A swamp worm (shapeshifter) (Vaults:1)
  2 acid dragons
  A floating eye (shapeshifter) (Vaults:5)
  4 hell hounds (Depths:3)
  A tengu skeleton (D:15)
  2 water moccasins (shapeshifter)
  5 black bears
  10 porcupines
  A black bear (shapeshifter) (Vaults:1)
  5 sky beasts
  10 swamp drakes
  2 slaves (D:9)
  A hornet zombie (D:15)
  A swamp drake (shapeshifter) (Depths:1)
  11 ice beasts
  3 phantoms
  A necrophage (D:14)
  47 orc warriors
  4 eyes of draining
  21 wolves
  2 ettin simulacra (Depths:3)
  9 boggarts
  55 ogres
  17 centaurs
  14 crocodiles
  3 elf zombies (Elf:2)
  13 bullfrogs
  A glowing shapeshifter simulacrum (Vaults:1)
  5 earth elementals
  2 small abominations (Abyss:2)
  3 scorpions
  36 killer bees
  5 wights (D:13)
  4 howler monkeys
  9 electric eels
  A vampire bat (Depths:1)
  12 crimson imps
  2 bullfrog zombies
  A gnoll shaman (D:7)
  9 hounds
  31 orc wizards
  4 jellies
  23 orc priests
  3 centaur skeletons
  3 iron imps
  3 iguanas
  28 worker ants
  3 hell rats (Lair:5)
  2 polar bear simulacra (Lair:6)
  2 wolf simulacra (Lair:6)
  4 yak simulacra (Lair:6)
  A killer bee zombie (D:7)
  A bullfrog simulacrum (D:10)
  8 mummies (Ossuary)
  A worker ant zombie (D:9)
  21 gnolls
  15 adders
  2 river rats (D:6)
  3 shadow imps
  2 white imps
  An ufetubus (D:10)
  An ooze (D:3)
  3 swamp drake simulacra (Swamp:4)
  An adder zombie (D:9)
  A worm (shapeshifter) (Vaults:4)
  An adder skeleton (D:8)
  4 worms
  2 dart slugs (D:3)
  10 leopard geckos
  122 orcs
  3 ball pythons
  6 giant cockroaches
  10 goblins
  7 hobgoblins
  6 jackals
  5 quokkas
  6 bats
  4 frilled lizards
  14 kobolds
  7 kobold zombies (Ossuary)
  An orc zombie (Ossuary)
  9 rats
  3 river rat simulacra (Lair:6)
  A butterfly (Lair:1)
  6 crawling corpses
  2 plants
  A starspawn tentacle (Abyss:2)
2307 creatures vanquished.

Vanquished Creatures (collateral kills)
  A fire giant (Vaults:4)
  2 vault wardens (Vaults:4)
3 creatures vanquished.

Vanquished Creatures (others)
  An ancient lich (Vaults:4)
  A deep elf master archer (Elf:3)
  A thorn hunter (Swamp:4)
  An orc warlord (Orc:1)
  2 stone giants
  Nessos (D:12)
  A spark wasp (Depths:1)
  7 yaktaur captains
  A centaur warrior (Vaults:1)
  A deep troll (Vaults:4)
  A swamp dragon (Swamp:4)
  2 deep elf archers (Elf:3)
  A salamander (Depths:1)
  2 deep elf magi
  A cyclops (Vaults:2)
  7 yaktaurs
  A jumping spider (Spider:2)
  2 hornets
  An air elemental (Elf:1)
  A spriggan (Swamp:4)
  4 vampire mosquitoes (Swamp:4)
  A swamp drake (Swamp:1)
  An ogre (Vaults:2)
  An orc warrior (Orc:2)
  6 centaurs
  A lava snake (D:14)
  A crimson imp (Depths:2)
  6 kobolds (Bailey)
  38 fungi
  40 plants
  10 starspawn tentacles (Abyss:2)
  3 withered plants (D:15)
148 creatures vanquished.

Grand Total: 2458 creatures vanquished

Notes
Turn   | Place    | Note
-------+----------+-------------------------------------------
     0 | D:1      | keltmir the Hill Orc Fighter began the quest for the Orb.
     0 | D:1      | Reached XP level 1. HP: 19/19 MP: 1/1
   135 | D:1      | Reached XP level 2. HP: 6/27 MP: 2/2
  1049 | D:2      | Reached XP level 3. HP: 21/33 MP: 3/3
  1486 | D:2      | Reached XP level 4. HP: 40/40 MP: 4/4
  1495 | D:2      | Found a faded altar of an unknown god.
  1673 | D:2      | Gained mutation: Your body sometimes deteriorates upon taking damage. [potion of mutation]
  1673 | D:2      | Gained mutation: Your magical capacity is low. (-10% MP) [potion of mutation]
  1673 | D:2      | Gained mutation: You have large cloven feet. [potion of mutation]
  1673 | D:2      | Gained mutation: You are partially covered in rugged brown scales. (AC +1, +3% HP) [potion of mutation]
  2013 | D:2      | Found a basalt altar of Yredelemnul.
  2564 | D:3      | Found an ornate altar of the Wu Jian Council.
  2692 | D:3      | Reached XP level 5. HP: 27/48 MP: 4/4
  3084 | D:4      | Noticed an ogre
  3088 | D:4      | Killed an ogre
  3088 | D:4      | Reached XP level 6. HP: 54/54 MP: 5/5
  3159 | D:4      | Noticed Grinder
  3174 | D:4      | Killed Grinder
  3174 | D:4      | Reached skill level 5 in Fighting
  3174 | D:4      | Reached skill level 5 in Maces & Flails
  3174 | D:4      | Reached XP level 7. HP: 32/62 MP: 6/6
  3505 | D:4      | Reached skill level 5 in Armour
  3505 | D:4      | Reached skill level 5 in Shields
  3653 | D:4      | Noticed Menkaure
  3661 | D:4      | Killed Menkaure
  3661 | D:4      | Reached XP level 8. HP: 49/72 MP: 7/7
  3835 | D:4      | Found a staircase to the Ecumenical Temple.
  3844 | Temple   | Entered the Ecumenical Temple
  4057 | D:4      | Noticed Sigmund
  4071 | D:4      | Killed Sigmund
  4289 | D:5      | Entered Level 5 of the Dungeon
  4315 | D:5      | Found a sand-covered staircase.
  4323 | Ossuary  | Entered an ossuary
  4949 | D:5      | Found a white marble altar of Elyvilon.
  5711 | D:6      | Found an iron altar of Okawaru.
  5751 | D:6      | Reached XP level 9. HP: 53/81 MP: 8/8
  6063 | D:6      | Found a hide-covered altar of Uskayaw.
  6180 | D:6      | Found a radiant altar of Vehumet.
  6183 | D:6      | Found a glowing golden altar of the Shining One.
  6189 | D:6      | Found a stormy altar of Qazlal.
  6189 | D:6      | Found a shadowy altar of Dithmenos.
  6189 | D:6      | Found a bloodstained altar of Trog.
  6192 | D:6      | Found an ancient bone altar of Kikubaaqudgha.
  6198 | D:6      | Became a worshipper of Qazlal Stormbringer
  6739 | D:7      | Reached skill level 1 in Invocations
  6897 | D:7      | Reached skill level 2 in Invocations
  7171 | D:7      | Noticed a manticore
  7190 | D:7      | Killed a manticore
  7190 | D:7      | Reached * piety under Qazlal
  7190 | D:7      | Reached skill level 3 in Invocations
  7355 | D:7      | Found an ancient bone altar of Kikubaaqudgha.
  7885 | D:8      | Found a flagged portal.
  7907 | Bailey   | Entered a bailey
  8027 | Bailey   | Reached XP level 10. HP: 60/90 MP: 11/11
  8155 | Bailey   | Reached skill level 4 in Invocations
  8805 | D:8      | Reached skill level 10 in Maces & Flails
  9022 | D:8      | Found a sacrificial altar of Ru.
  9382 | D:9      | Reached ** piety under Qazlal
  9682 | D:9      | Noticed Pikel
  9707 | D:9      | Killed Pikel
  9707 | D:9      | Reached skill level 5 in Invocations
  9749 | D:9      | Noticed a cyclops
  9790 | D:9      | Killed a cyclops
 10118 | D:10     | Entered Level 10 of the Dungeon
 10124 | D:10     | Noticed Agrougrou's ghost (journeyman FoFi)
 10758 | D:10     | Killed Agrougrou's ghost
 10758 | D:10     | Reached skill level 6 in Invocations
 10758 | D:10     | Reached XP level 11. HP: 55/99 MP: 12/14
 11962 | D:11     | Noticed a skeletal warrior
 11962 | D:11     | Noticed a skeletal warrior
 11962 | D:11     | Noticed a skeletal warrior
 12004 | D:10     | Killed a skeletal warrior
 12276 | D:11     | Reached *** piety under Qazlal
 12307 | D:11     | Found a staircase to the Lair.
 12405 | D:11     | Paralysed by a hornet for 1 turns
 12728 | D:10     | Lost mutation: Your body sometimes deteriorates upon taking damage. [potion of mutation]
 12728 | D:10     | Lost mutation: Your magical capacity is low. (-10% MP) [potion of mutation]
 12728 | D:10     | Gained mutation: Your magical capacity is low. (-10% MP) [potion of mutation]
 12728 | D:10     | Gained mutation: Your body sometimes deteriorates upon taking damage. [potion of mutation]
 12728 | D:10     | Gained mutation: Your spells are a little harder to cast, but a little more powerful. [potion of mutation]
 12874 | D:11     | Noticed a two-headed ogre
 12879 | D:11     | Reached skill level 7 in Invocations
 12896 | D:11     | Killed a two-headed ogre
 13005 | D:10     | Killed a skeletal warrior
 13005 | D:10     | Reached skill level 10 in Fighting
 13234 | D:10     | Killed a skeletal warrior
 13408 | D:11     | Noticed a skeletal warrior
 13482 | D:11     | Killed a skeletal warrior
 13818 | D:11     | Noticed a six-headed hydra
 13829 | D:11     | Killed a six-headed hydra
 13829 | D:11     | Reached XP level 12. HP: 69/110 MP: 16/16
 14214 | D:12     | Reached skill level 8 in Invocations
 14367 | D:12     | Noticed a six-headed hydra
 14375 | D:12     | Killed a six-headed hydra
 14384 | D:12     | Noticed Sonja
 14521 | D:12     | Killed Sonja
 14798 | D:12     | Found a portal to a secret trove of treasure.
 14829 | D:12     | Noticed Urug
 14838 | D:12     | Noticed Nessos
 14849 | D:12     | Killed Urug
 14853 | D:12     | Noticed Psyche
 14858 | D:12     | Killed Nessos
 15257 | D:12     | Found a staircase to the Orcish Mines.
 15434 | D:12     | Killed Psyche
 15956 | Lair:1   | Entered Level 1 of the Lair of Beasts
 15992 | Lair:1   | Reached skill level 10 in Armour
 16006 | Lair:1   | Reached **** piety under Qazlal
 16028 | Lair:1   | Noticed a four-headed hydra
 16047 | Lair:1   | Killed a four-headed hydra
 16047 | Lair:1   | Reached skill level 9 in Invocations
 17421 | Lair:2   | Noticed Gastronok
 17459 | Lair:2   | Killed Gastronok
 17459 | Lair:2   | Reached skill level 10 in Invocations
 17459 | Lair:2   | Reached XP level 13. HP: 75/119 MP: 18/18
 18076 | Lair:2   | Found a hole to the Spider Nest.
 18563 | Lair:3   | Noticed Pad's ghost (journeyman DsBe)
 18600 | Lair:3   | Reached skill level 10 in Shields
 18687 | Lair:3   | Killed Pad's ghost
 18961 | Lair:3   | Got a wavering jade amulet
 18962 | Lair:3   | Identified the amulet of Xeligasuu {RegenMP +Inv rC+} (You found it on level 3 of the Lair of Beasts)
 19214 | Lair:3   | Found a staircase to the Swamp.
 19862 | Lair:4   | Reached skill level 11 in Invocations
 20411 | Lair:4   | Noticed Shinoi's ghost (journeyman DsAK)
 20478 | Lair:4   | Killed Shinoi's ghost
 20715 | Lair:4   | Got a jewelled ring mail
 20716 | Lair:4   | Identified the +3 ring mail of Disaster {Int+6} (You found it on level 4 of the Lair of Beasts)
 21423 | Lair:5   | Found a staircase to the Slime Pits.
 21423 | Lair:5   | Found a viscous altar of Jiyva.
 21462 | Lair:4   | Reached ***** piety under Qazlal
 21466 | Lair:4   | Reached XP level 14. HP: 106/130 MP: 20/20
 21762 | Lair:5   | Noticed an entropy weaver
 22019 | Lair:5   | Noticed an entropy weaver
 22455 | Lair:4   | Killed an entropy weaver
 22455 | Lair:4   | Reached skill level 12 in Invocations
 22635 | Lair:5   | Killed an entropy weaver
 23591 | Lair:5   | Reached ****** piety under Qazlal
 24161 | Lair:6   | Entered Level 6 of the Lair of Beasts
 24692 | Lair:6   | Reached XP level 15. HP: 94/141 MP: 22/22
 24700 | Lair:6   | Reached skill level 13 in Invocations
 26685 | D:13     | Found Ohiehoex's Assorted Antiques.
 26716 | D:13     | Found a hazy altar of Hepliaklqana.
 27516 | D:14     | Found a gate to the Vaults.
 27770 | D:14     | Got a slimy shield
 27781 | D:14     | Identified the +3 shield of Perpetual Drought {rN++} (You found it on level 14 of the Dungeon)
 28033 | D:15     | Entered Level 15 of the Dungeon
 28073 | D:15     | Reached skill level 14 in Invocations
 28590 | D:14     | Reached skill level 15 in Shields
 28644 | D:15     | Reached XP level 16. HP: 149/151 MP: 24/24
 29012 | D:15     | Found a staircase to the Depths.
 29346 | D:15     | Reached skill level 15 in Fighting
 29680 | Orc:1    | Entered Level 1 of the Orcish Mines
 29818 | Orc:2    | Entered Level 2 of the Orcish Mines
 29950 | Orc:2    | Found a roughly hewn altar of Beogh.
 29959 | Orc:2    | Found Ipsofik's Assorted Antiques.
 30002 | Orc:2    | Found a frozen archway.
 30033 | IceCv    | Entered an ice cave
 31065 | Orc:2    | Found a roughly hewn altar of Beogh.
 31080 | Orc:2    | Found Araenaa's Gadget Shoppe.
 31130 | Orc:2    | Found a roughly hewn altar of Beogh.
 31186 | Orc:2    | Found a roughly hewn altar of Beogh.
 31279 | Orc:2    | Reached skill level 15 in Invocations
 31582 | Orc:2    | Found Cuptid's Antique Armour Boutique.
 31583 | Orc:2    | Found a roughly hewn altar of Beogh.
 31591 | Orc:2    | Found Esoaw's Antique Weapon Shop.
 31605 | Orc:2    | Bought a pair of brightly glowing boots for 218 gold pieces
 31615 | Orc:2    | Identified the cursed +0 pair of boots "Bemeryet" {rC+} (You bought it in a shop on level 2 of the Orcish Mines)
 31768 | Orc:2    | Found a roughly hewn altar of Beogh.
 31785 | Orc:2    | Found a roughly hewn altar of Beogh.
 31852 | Orc:2    | Found a staircase to the Elven Halls.
 32288 | Swamp:1  | Entered Level 1 of the Swamp
 32365 | Swamp:1  | Noticed Frances
 32398 | Lair:3   | Killed Frances
 33994 | Swamp:2  | Found an ornate altar of the Wu Jian Council.
 34522 | Swamp:3  | Noticed a thorn hunter
 34543 | Swamp:3  | Killed a thorn hunter
 34543 | Swamp:3  | Reached skill level 15 in Maces & Flails
 34543 | Swamp:3  | Reached XP level 17. HP: 133/162 MP: 24/25
 35095 | Swamp:4  | Entered Level 4 of the Swamp
 35431 | Swamp:4  | Reached skill level 15 in Armour
 35513 | Swamp:4  | Reached skill level 16 in Invocations
 37629 | Swamp:4  | Got a decaying rune of Zot
 38029 | Spider:1 | Entered Level 1 of the Spider Nest
 41280 | Spider:1 | Reached skill level 17 in Invocations
 41409 | Spider:1 | Reached XP level 18. HP: 84/174 MP: 0/27
 41949 | Spider:2 | Got an ancient scale mail
 41961 | Spider:2 | Identified the +1 scale mail "Asmuah" {*Contam rF++ rN++} (You found it on level 2 of the Spider Nest)
 41998 | Spider:2 | Gained mutation: You are clumsy. (Dex -2) [mutagenic glow]
 44152 | Spider:4 | Entered Level 4 of the Spider Nest
 44835 | Spider:4 | Noticed Nikola
 46706 | Spider:3 | Identified a scroll of acquirement
 46845 | Spider:3 | Got a transparent eveningstar
 46846 | Spider:3 | Identified the +1 eveningstar of Ownac {freeze, rC++ Str+7 Stlth+} (You acquired it on level 3 of the Spider Nest)
 46873 | Spider:4 | Killed Nikola
 46959 | Spider:4 | Reached skill level 18 in Invocations
 48455 | Spider:4 | Reached XP level 19. HP: 144/184 MP: 25/28
 49563 | Spider:4 | Got a gossamer rune of Zot
 50284 | Vaults:1 | Entered Level 1 of the Vaults
 51378 | Vaults:1 | Reached skill level 19 in Invocations
 51829 | Vaults:1 | Got a shimmering tin ring
 51830 | Vaults:1 | Identified the ring of Synleq {rPois rN+ MP+9} (You took it off an ironbrand convoker on level 1 of the Vaults)
 51951 | Vaults:1 | Reached XP level 20. HP: 196/196 MP: 30/30
 52441 | Vaults:1 | Got a transparent mace
 52442 | Vaults:1 | Identified the +8 mace of Jadept {freeze, rPois rC++} (You found it on level 1 of the Vaults)
 53634 | Vaults:2 | Found Kaul's Assorted Antiques.
 54585 | Vaults:2 | Reached skill level 20 in Invocations
 56108 | Vaults:3 | Reached XP level 21. HP: 169/206 MP: 31/31
 56891 | Vaults:3 | Found a staircase to the Crypt.
 57920 | Vaults:4 | Noticed an ancient lich
 57968 | Vaults:4 | Killed an ancient lich
 58331 | Vaults:4 | Reached skill level 21 in Invocations
 58797 | Vaults:4 | Got a pair of dazzling gloves
 58798 | Vaults:4 | Identified the +1 pair of gloves of the Merchant {*Slow rCorr Str+3 Int+3} (You found it on level 4 of the Vaults)
 58907 | Vaults:4 | Found Ytysyuc's Jewellery Boutique.
 58912 | Vaults:4 | Bought a +6 amulet of reflection for 702 gold pieces
 58912 | Vaults:4 | Bought the ring of Spite {rF- MR+ Int+3 Slay+2 Stlth+} for 510 gold pieces
 59500 | Orc:2    | Bought the +3 warlock's mirror {reflect} for 920 gold pieces
 59500 | Orc:2    | Found the +3 warlock's mirror {reflect}
 59708 | Elf:1    | Entered Level 1 of the Elven Halls
 59836 | Elf:1    | Reached XP level 22. HP: 184/217 MP: 29/33
 61078 | Elf:2    | Identified the Almanac of Evil
 61251 | Elf:2    | Noticed Asterion
 61289 | Elf:2    | Killed Asterion
 61462 | Elf:2    | Found a runed gate.
 61462 | Elf:2    | Found a runed gate.
 61463 | Elf:2    | Found a runed gate.
 61585 | Elf:2    | Noticed Saint Roka
 61592 | Elf:2    | Killed Saint Roka
 61626 | Elf:2    | Noticed Jorgrun
 61649 | Elf:2    | Killed Jorgrun
 61769 | Elf:2    | Cast into level 2 of the Abyss (short sword of distortion)
 62117 | Abyss:2  | Reached skill level 22 in Invocations
 62164 | Elf:2    | Escaped the Abyss
 63377 | Elf:3    | Entered Level 3 of the Elven Halls
 63774 | Elf:3    | Reached XP level 23. HP: 217/226 MP: 34/34
 63930 | Elf:3    | Noticed Roxanne
 63953 | Elf:3    | Killed Roxanne
 63954 | Elf:3    | Identified Roxanne's Guide on Clay (You took it off Roxanne on level 3 of the Elven Halls)
 64672 | Elf:3    | HP: 11/226 [???[a deep elf demonologist] (9)]
 65559 | Elf:3    | Got a fine flail {venom}
 65560 | Elf:3    | Identified the cursed +1 flail "Zeshusk" {venom, rN+ MP-9 Int+7} (You took it off a deep elf high priest on level 3 of the Elven Halls)
 65629 | Elf:3    | Identified the Volume of Creative Arcane Weapons
 66247 | Vaults:5 | Entered Level 5 of the Vaults
 66248 | Vaults:5 | Reached skill level 23 in Invocations
 66249 | Vaults:5 | Noticed a golden dragon
 66250 | Vaults:5 | Noticed Xtahua
 66469 | Vaults:4 | Killed Xtahua
 66634 | Vaults:4 | Killed a golden dragon
 66742 | Vaults:5 | Noticed an ancient lich
 67655 | Orc:2    | Bought a potion of curing for 99 gold pieces
 67655 | Orc:2    | Bought 2 potions of heal wounds for 330 gold pieces
 68126 | Vaults:4 | Killed an ancient lich
 68126 | Vaults:4 | Reached XP level 24. HP: 225/234 MP: 34/34
 69574 | Vaults:4 | Got a pair of scorched boots
 69585 | Vaults:4 | Identified the +0 pair of boots of Immorality {+Blink rElec Slay-2 Stlth+} (You acquired it on level 4 of the Vaults)
 69611 | Vaults:5 | Noticed an ancient lich
 69926 | Vaults:4 | Killed an ancient lich
 69926 | Vaults:4 | Reached skill level 24 in Invocations
 70200 | Vaults:5 | Noticed Mara
 70212 | Vaults:5 | Noticed keltmir's illusion
 70680 | Vaults:4 | Noticed keltmir's illusion
 70684 | Vaults:4 | Killed Mara
 71117 | Vaults:5 | Identified the Grimoire of Too Many Cooks
 71231 | Vaults:5 | Found the +2 cloak of the Thief {+Fog Slay-2 SInv Stlth+}
 71449 | Vaults:5 | Found Gedynata's Food Shop.
 71463 | Vaults:5 | Got a silver rune of Zot
 71546 | Vaults:5 | Identified the Collected Works on the Cankerous Entourage
 71556 | Vaults:5 | Got a scorched iron amulet
 71558 | Vaults:5 | Identified the amulet "Xifu" {Inacc SInv} (You found it on level 5 of the Vaults)
 71565 | Vaults:5 | Identified the Compendium of Dislocated Aid
 71569 | Vaults:5 | Got a blackened flail
 71570 | Vaults:5 | Identified the cursed +0 flail "Gebut" {drain, +Rage rElec rF- Stlth+} (You found it on level 5 of the Vaults)
 71971 | Vaults:4 | Learned a level 2 spell: Song of Slaying
 71974 | Vaults:4 | Learned a level 2 spell: Shroud of Golubria
 71978 | Vaults:4 | Learned a level 3 spell: Regeneration
 72085 | Depths:1 | Entered Level 1 of the Depths
 72266 | Depths:1 | Reached skill level 1 in Charms
 72345 | Depths:1 | Reached skill level 1 in Necromancy
 72398 | Depths:1 | Reached skill level 1 in Spellcasting
 72821 | Depths:1 | Reached XP level 25. HP: 221/243 MP: 35/35
 72843 | Depths:1 | Noticed Baghtru's ghost (adept MiFi)
 72888 | Depths:1 | Killed Baghtru's ghost
 73256 | Depths:1 | Identified the Papyrus of Calling
 73306 | Depths:1 | Reached skill level 5 in Charms
 73350 | Depths:1 | Identified Sif Muna's Handbook of Transmutation
 73408 | Depths:1 | Found a gateway to Hell.
 73610 | Depths:1 | Identified the Catalogue of Contamination
 73721 | Depths:1 | Identified the Handbook of Clay
 75479 | Depths:2 | Reached skill level 10 in Charms
 75833 | Depths:2 | Found a gateway to a ziggurat.
 77049 | Depths:2 | Got a polished shield
 77060 | Depths:2 | Identified the +0 shield of the Untouchables {*Drain rC++ rN+ Regen+} (You acquired it on level 2 of the Depths)
 77179 | Depths:3 | Found a glowing silver altar of Zin.
 77224 | Depths:3 | Reached XP level 26. HP: 208/251 MP: 34/35
 78440 | Depths:3 | HP: 8/251 [acid (7)]
 78440 | Depths:3 | Splashed by a caustic shrike's acid

Skill      XL: |  1  2  3  4  5  6  7  8  9 10 11 12 13 14 15 16 17 18 19 20 21 22 23 24 25 26 |
---------------+-------------------------------------------------------------------------------+-----
Maces & Flails | 3 4 5 6 8 9 11 12 14 15 16 17 18 19 20 | 20.4
Fighting       | 4 5 7 8 9 10 11 12 13 14 15 17 18 19 20 21 | 21.5
Armour         | 4 5 6 7 8 9 10 11 12 13 14 15 16 17 18 19 20 | 20.4
Shields        | 4 5 6 7 8 9 11 13 15 16 19 20 | 20.0
Invocations    | 3 6 7 10 11 12 14 15 17 18 19 20 21 22 23 24 | 24.3
Charms         | 3 12 13 | 13.5
Necromancy     | 1 |  1.0
Spellcasting   | 2 4 |  4.8

Action                   |  1- 3 |  4- 6 |  7- 9 | 10-12 | 13-15 | 16-18 | 19-21 | 22-24 | 25-27 || total
-------------------------+-------+-------+-------+-------+-------+-------+-------+-------+-------++-------
Melee: Flail             |   113 |   132 |   303 |       |       |       |       |       |       ||   548
       Kick              |       |    28 |    96 |       |       |    10 |       |       |       ||   134
       Mace              |       |       |   120 |   475 |  1996 |  2660 |       |       |       ||  5251
       Whip              |       |       |       |   607 |       |       |       |       |       ||   607
       Morningstar       |       |       |       |   142 |       |       |       |       |       ||   142
       Dire flail        |       |       |       |    30 |       |       |       |       |       ||    30
       Eveningstar       |       |       |       |       |       |   156 |   109 |       |       ||   265
       Demon whip        |       |       |       |       |       |       |  1411 |  1377 |  1045 ||  3833
Throw: Tomahawk          |       |       |     4 |     5 |     5 |    87 |     1 |     3 |    12 ||   117
 Cast: Song of Slaying   |       |       |       |       |       |       |       |       |     7 ||     7
       Regeneration      |       |       |       |       |       |       |       |       |     8 ||     8
       Shroud of Golubri |       |       |       |       |       |       |       |       |     1 ||     1
Invok: Upheaval          |       |       |       |     1 |     2 |    24 |    14 |    29 |     2 ||    72
       Elemental Force   |       |       |       |       |       |     1 |     2 |       |       ||     3
       Disaster Area     |       |       |       |       |       |       |     5 |     3 |     1 ||     9
Evoke: Wand              |       |       |     2 |       |     6 |    16 |       |     1 |       ||    25
  Use: Scroll            |     3 |     5 |    13 |     5 |     8 |    11 |    19 |     7 |     6 ||    77
       Potion            |       |     4 |     2 |     4 |     1 |     7 |     1 |     5 |     1 ||    25
 Stab: Sleeping          |       |       |     1 |       |       |       |       |       |       ||     1
       Confused          |       |       |       |       |       |     2 |       |     1 |       ||     3
       Held in net/web   |       |       |       |       |       |     1 |       |       |       ||     1
       Distracted        |       |       |       |       |       |       |     1 |       |     1 ||     2
       Paralysed         |       |       |       |       |       |       |       |       |     1 ||     1
  Eat: Chunk             |     2 |     5 |    13 |    21 |    31 |    39 |    26 |    19 |    20 ||   176
       Ration            |       |       |     1 |     4 |     2 |     8 |     4 |     6 |       ||    25
Armor: Scale mail        |    44 |    26 |       |       |       |       |       |       |       ||    70
       Chain mail        |       |    32 |     9 |       |       |       |       |       |       ||    41
       Ring mail         |       |       |   109 |     7 |       |       |       |       |       ||   116
       Plate armour      |       |       |       |   279 |   758 |  1611 |   316 |   440 |   317 ||  3721
Dodge: Dodged            |    32 |    28 |   127 |   103 |   306 |   631 |   118 |   167 |   125 ||  1637
       Deflected         |       |       |       |     2 |    16 |     9 |    12 |    29 |     9 ||    77
Block: Shield            |    66 |    65 |   296 |   719 |  1969 |  4187 |  1133 |       |       ||  8435
       Reflection        |       |       |    31 |    24 |    33 |    30 |   116 |   213 |   108 ||   555
       Other             |       |       |       |     9 |       |       |       |       |       ||     9
       Buckler           |       |       |       |       |       |       |    26 |  1002 |   868 ||  1896
